 Dungeon Crawl Stone Soup version 0.26-a0-597-gb535b0901c (webtiles) character file.

Game seed: 6018152076549165804

176 HoaS the Shield-Bearer (level 5, -1/41 HPs)
             Began as a Formicid Fighter on Aug 29, 2020.
             Slain by Grinder (3 damage)
             ... on level 3 of the Dungeon.
             The game lasted 00:05:25 (2940 turns).

HoaS the Shield-Bearer (Formicid Fighter)           Turns: 2940, Time: 00:05:25

Health: -1/41      AC:  9    Str: 22    XL:     5   Next: 86%
Magic:  5/5        EV:  6    Int:  7    God:
Gold:   114        SH: 11    Dex: 10    Spells: 4/4 levels left

rFire    . . .     SeeInvis +   a - +0 quarterstaff
rCold    . . .     Faith    .   c - +1 kite shield
rNeg     . . .     Spirit   .   g - +0 chain mail
rPois    .         Reflect  .   (helmet unavailable)
rElec    .         Harm     .   (no cloak)
rCorr    .                      (no gloves)
MR       .....                  (no boots)
Stlth    ..........             (no amulet)
HPRegen  0.13/turn              (no ring)
MPRegen  0.09/turn              (no ring)

@: no status effects
A: permanent stasis, dig shafts and tunnels, four strong arms, antennae 3
a: Dig, Shaft Self


You were on level 3 of the Dungeon.
You visited 1 branch of the dungeon, and saw 3 of its levels.

You collected 114 gold pieces.

Inventory:

Hand Weapons
 a - a +0 quarterstaff (weapon)
Armour
 c - a +1 kite shield (worn)
 g - a +0 chain mail (worn)
Scrolls
 e - a scroll of remove curse
 f - 3 scrolls of identify
Potions
 b - a potion of ambrosia {unknown}
 d - a potion of might
 i - a potion of flight


   Skills:
 - Level 3.2 Fighting
 * Level 4.7 Staves
 - Level 3.2 Armour
 + Level 5.1 Shields


You had 4 spell levels left.
You didn't know any spells.
Your spell library was empty.

Dungeon Overview and Level Annotations

Branches:
Dungeon (3/15)

Altars:
Elyvilon
Hepliaklqana
Kikubaaqudgha
Trog

Annotations:
D:3 Grinder


Innate Abilities, Weirdness & Mutations

You cannot be hasted, slowed, berserked, paralysed or teleported.
You can dig through walls and to a lower floor.
Your four strong arms can wield two-handed weapons with a shield.
You have a pair of large antennae on your head. (SInv)


Message History

Grinder is severely wounded.
Grinder hits you but does no damage. The kobold hits you with a +0 dagger.
* * * LOW HITPOINT WARNING * * *
You hit Grinder but do no damage.
Grinder is severely wounded.
Grinder hits you but does no damage. The kobold hits you but does no damage.
You barely miss Grinder.
Grinder is severely wounded.
Grinder hits you.
* * * LOW HITPOINT WARNING * * *
You writhe in agony.
* * * LOW HITPOINT WARNING * * *
You block the kobold's attack.
You closely miss Grinder.
Grinder is severely wounded.
You block Grinder's attack. The kobold hits you but does no damage.
Grinder hits you.
* * * LOW HITPOINT WARNING * * *
You writhe in agony.
You die...

####........##...####
###..#......)..###
....##......)###
######.......# ## #
#.......### ..#
#.........# ....
#.......#.# .....
.........#.###......
#.######..#.5@Ks.....
.. #....####.....
.......# ... ########
.


You could see Grinder, a giant cockroach and a kobold.

Vanquished Creatures
  A worker ant (D:3)
  4 adders
  A white imp (D:3)
  An ooze (D:2)
  A worm (D:2)
  A dart slug (D:3)
  3 leopard geckos
  3 orcs (D:3)
  2 ball pythons (D:2)
  3 giant cockroaches
  10 goblins
  11 hobgoblins
  14 jackals
  6 kobolds
  8 bats
  5 frilled lizards
  15 rats
89 creatures vanquished.

Vanquished Creatures (others)
  3 plants (D:3)
3 creatures vanquished.

Grand Total: 92 creatures vanquished

Notes
Turn   | Place    | Note
-------+----------+-------------------------------------------
     0 | D:1      | HoaS the Formicid Fighter began the quest for the Orb.
     0 | D:1      | Reached XP level 1. HP: 18/18 MP: 1/1
   133 | D:1      | Reached XP level 2. HP: 20/24 MP: 2/2
   229 | D:1      | Reached skill level 4 in Shields
   265 | D:1      | Reached XP level 3. HP: 28/29 MP: 3/3
  1019 | D:1      | Reached XP level 4. HP: 32/35 MP: 4/4
  1346 | D:2      | Found an ancient bone altar of Kikubaaqudgha.
  1954 | D:2      | Found a bloodstained altar of Trog.
  2336 | D:3      | Reached XP level 5. HP: 35/41 MP: 5/5
  2495 | D:3      | Found a white marble altar of Elyvilon.
  2564 | D:3      | Reached skill level 5 in Shields
  2684 | D:3      | Found a hazy altar of Hepliaklqana.
  2929 | D:3      | Noticed Grinder
  2940 | D:3      | HP: 2/41 [Grinder (1)]
  2940 | D:3      | Slain by Grinder

Illustrated notes

Levels and vault maps discovered:
D:1:      lightli_molten_gateway, layout_basic, st_stairs_5,
          minmay_rat_gold_closets
D:2:      layout_basic, lightli_temple_of_fire, old_standard_altar,
          kennysheep_boxes
D:3:      layout_rooms, marbit_many_paths, overflow_temple_1_default,
          saegor_snake_ambush, uniq_grinder

Skill      XL: |  1  2  3  4  5 |
---------------+----------------+-----
Shields        | 4 5 |  5.1
Staves         | 3 4 |  4.7
Fighting       | |  3.2
Armour         | |  3.2

Action                   |  1- 3 |  4- 6 || total
-------------------------+-------+-------++-------
Melee: Quarterstaff      |    97 |   170 ||   267
  Use: Scroll            |       |     7 ||     7
 Stab: Distracted        |       |     1 ||     1
Armor: Scale mail        |    38 |    30 ||    68
       Chain mail        |       |    42 ||    42
Dodge: Dodged            |    44 |    44 ||    88
Block: Kite shield       |    56 |    91 ||   147

Table legend: (Time is in decaauts)
 A = Elapsed time spent in this place.
 B = Non-inter-level travel time spent in this place.
 C = Inter-level travel time spent in this place.
 D = Time resting spent in this place.
 E = Time spent auto-exploring this place.
 F = Levels seen in this place.
 G = Mean time per level.
                   A        B        C        D        E       F      G
               +--------+--------+--------+--------+--------+-----+--------+
         Total |   3009 |   2933 |     76 |    328 |   1991 |   3 | 1003.0 |
       Dungeon |   3009 |   2933 |     76 |    328 |   1991 |   3 | 1003.0 |
               +--------+--------+--------+--------+--------+-----+--------+

Top non-repeatable levels by time:
     D:2: 1342 daAuts
     D:1: 1030 daAuts
     D:3: 636 daAuts
